 Dungeon Crawl Stone Soup version 0.21.1-1-g345015f (webtiles) character file.

117983 troglodite the Protected (level 16, -8/127 HPs)
             Began as a Demonspawn Berserker on Feb 19, 2018.
             Was the Champion of Trog.
             Shot with a stone by a faun (9 damage)
             ... on level 1 of the Shoals on Feb 21, 2018.
             The game lasted 01:48:07 (27432 turns).

troglodite the Protected (Demonspawn Berserker)    Turns: 27432, Time: 01:48:10

Health: -8/127     AC: 37    Str: 19    XL:     16   Next: 24%
Magic:  16/16      EV: 10    Int: 11    God:    Trog [******]
Gold:   1278       SH: 12    Dex: 14    Spells: 15/15 levels left

rFire    . . .     SeeInvis +   j - +4 arc blade {discharge, rElec}
rCold    + . .     Gourm    .   F - +0 shield
rNeg     + . .     Faith    .   I - +8 plate armour "Saeleire" {Regen+}
rPois    .         Spirit   .   A - +2 helmet {SInv}
rElec    +         Reflect  .   O - +1 cloak {+Inv}
rCorr    .         Harm     .   r - +2 pair of gloves {archery}
MR       +....                  (boots unavailable)
Stlth    ++........             U - amulet of regeneration
HPRegen  1.11/turn              f - ring of Wuff {+Blink +Fly rC+ Dex-2}
MPRegen  0.15/turn              Q - ring of positive energy

@: lethally poisoned (-8 -> -8), slowed, very slow
A: hooves 3, thin metallic scales 3, demonic guardian 1, nightstalker 3
a: Berserk, Trog's Hand, Brothers in Arms, Burn Spellbooks, Renounce Religion,
Evoke Blink, Evoke Invisibility, Evoke Flight


You were on level 1 of the Shoals.
You worshipped Trog.
Trog was exalted by your worship.
You were not hungry.

You visited 4 branches of the dungeon, and saw 24 of its levels.
You also visited: Labyrinth, Sewer and Ossuary.

You collected 2628 gold pieces.
You spent 1350 gold pieces at shops.

Inventory:

Hand Weapons
 a - the +10 dire flail of Dawn {crush, Int+2}
   (You found it on level 1 of the Lair of Beasts)

   It inflicts extra damage upon your enemies.
   It affects your intelligence (+2).
 j - the +4 arc blade (weapon) {discharge, rElec}
   (You found it in a labyrinth)

   It insulates you from electricity.
 S - a +7 scimitar of flaming
Armour
 k - the +1 plate armour of Inference {rElec rC++ Slay+3}
   (You found it in a labyrinth)

   It affects your accuracy and damage with ranged weapons and melee attacks
   (+3).
   It greatly protects you from cold.
   It insulates you from electricity.
 r - a +2 pair of gloves of archery (worn)
 A - a +2 helmet of see invisible (worn)
 F - a +0 shield (worn)
 I - the +8 plate armour "Saeleire" (worn) {Regen+}
   (You bought it in a shop on level 2 of the Orcish Mines)

   It increases your rate of regeneration.
 O - a +1 cloak of invisibility (worn)
Jewellery
 f - the ring of Wuff (left hand) {+Blink +Fly rC+ Dex-2}
   (You acquired it on level 13 of the Dungeon)

   [ring of flight]

   It affects your dexterity (-2).
   It protects you from cold.
   It lets you fly.
   It lets you blink.
 h - an uncursed ring of protection from fire
 o - an uncursed ring of fire
 t - an uncursed ring of stealth
 B - a +3 ring of intelligence
 Q - a ring of positive energy (right hand)
 U - an amulet of regeneration (around neck)
Wands
 d - a wand of iceblast (6)
 y - a wand of disintegration (32)
 z - a wand of acid (28)
 K - a wand of digging (16)
 V - a wand of flame (61)
Scrolls
 g - 3 scrolls of fog
 i - 2 scrolls of magic mapping
 m - 10 scrolls of teleportation
 u - 9 scrolls of fear
 v - a scroll of silence {unknown}
 J - 6 scrolls of blinking
 L - 2 scrolls of immolation
 N - a scroll of torment {unknown}
 R - a scroll of vulnerability {unknown}
 T - 8 scrolls of remove curse
Potions
 b - 3 potions of agility
 e - 15 potions of curing
 l - a potion of heal wounds
 p - 2 potions of mutation
 q - 6 potions of brilliance
 s - 2 potions of resistance
 w - 2 potions of cancellation
 x - 4 potions of haste
 D - 2 potions of might
 E - 2 potions of invisibility
 G - 2 potions of magic
 H - a potion of berserk rage
 Y - a potion of lignification
Comestibles
 c - 24 rations
 M - 9 chunks of flesh


   Skills:
 * Level 11.6 Fighting
 * Level 11.0(11.9) Short Blades
 + Level 7.9(10.5) Long Blades
 + Level 6.9 Maces & Flails
 * Level 12.2 Armour
 * Level 10.0 Dodging
 * Level 8.1 Stealth
 * Level 11.7 Shields


You had 15 spell levels left.
You didn't know any spells.

Dungeon Overview and Level Annotations

Branches:
Dungeon (15/15)            Temple (0/1) D:5            Lair (6/6) D:8
 Shoals (1/4) Lair:3        Snake (0/4) Lair:4        Slime (0/5) Lair:6
    Orc (2/2) D:10            Elf (0/3) Orc:2        Vaults (0/5) D:14
 Depths (0/5) D:15

Altars:
Ashenzari
Dithmenos
Fedhas
Gozag
Hepliaklqana
Okawaru
Qazlal
Ru
Sif Muna
Trog
Xom
Yredelemnul
The Shining One
Beogh
Jiyva

Shops:
D:5 [   D:6 *   Orc:1 !   Orc:2 ?([:


Innate Abilities, Weirdness & Mutations

You have hooves in place of feet.
You are completely covered in thin metallic scales. (AC +4, rElec)
A weak demonic guardian rushes to your aid.
You are completely attuned to the shadows.


Message History

The faun gestures at you while chanting.
You feel as though you will be slow longer.
The faun splashes around in the water.
Found a stone.
The faun hits you but does no damage. You block the faun's attack.
You hear a shout!
The faun casts a spell at you. You resist with some effort.
The faun hits you with a spear.
* * * LOW HITPOINT WARNING * * *
You block the faun's attack.
The faun splashes around in the water.
The faun casts a spell at you.
You feel as though you will be slow longer.
You feel sick.
The faun unwields an uncursed club.
The faun wields a hunting sling.
The faun shoots a stone.
You block the stone.
The faun shoots a stone.
The stone barely misses you.
The faun hits you from afar with a spear!
* * * LOW HITPOINT WARNING * * *
The faun unwields an uncursed quarterstaff of protection.
The faun wields a hunting sling.
The faun shoots a stone.
The stone hits you!
You die...

≈≈≈≈≈≈≈≈≈
≈≈≈≈≈≈≈≈≈≈
≈≈≈≈≈≈≈≈≈≈≈
≈≈≈≈≈≈≈≈≈≈≈
≈≈≈≈c≈c≈≈≈≈
≈≈≈≈c≈≈≈≈≈≈
....c.@..≈≈
.....##...≈
###### #(.≈
.P≈ .≈


You could see 4 fauns.

Vanquished Creatures
  Saint Roka (Orc:2)
  Rupert (Lair:5)
  Frances (D:13)
  Kirke (D:13)
  Azrael (Orc:2)
  A dire elephant (Lair:6)
  Snorg (D:10)
  An ettin (D:15)
  A merfolk impaler (Shoals:1)
  A minotaur (Lab)
  Erolcha (D:9)
  7 hydras
  Josephine (D:12)
  The ghost of buskinjo the Slicer, a journeyman DrVM of Sif Muna (D:12)
  Erica (Lair:2)
  A merfolk avatar (Lair:6)
  9 two-headed ogres
  2 death knights (D:15)
  4 centaur warriors
  A merfolk aquamancer (Shoals:1)
  2 ogre magi
  A tengu warrior (D:13)
  An orc high priest (Orc:2)
  A deep troll (D:15)
  2 skeletal warriors
  A sea snake (Lair:6)
  The ghost of kalagan the Vandal, a novice HaHu of the Shining One (D:7)
  6 unseen horrors
  2 orc knights
  A lindwurm (Lair:3)
  A harpy (Lair:6)
  Pikel (D:6)
  2 phantasmal warriors (D:15)
  3 cyclopes
  3 deep elf magi
  A cyclops (shapeshifter) (D:13)
  25 ugly things
  4 manticores
  3 orc sorcerers
  5 fauns (Shoals:1)
  3 black mambas
  3 centaur zombies
  A torpor snail (Lair:5)
  Psyche (D:10)
  14 spiny frogs
  A kobold demonologist (D:13)
  4 rime drakes
  A redback zombie (D:14)
  9 komodo dragons
  A tengu conjurer (D:13)
  4 freezing wraiths (D:15)
  A harpy zombie (D:14)
  4 merfolk (Shoals:1)
  4 polar bears (Lair:6)
  A hornet (shapeshifter) (D:14)
  9 trolls
  21 blink frogs
  4 hornets (Lair:6)
  10 hippogriffs
  49 yaks
  4 vampires
  2 water elementals (Shoals:1)
  10 wraiths
  4 wyverns
  6 basilisks
  A fire elemental (Orc:2)
  3 hogs (D:13)
  4 vampire mosquitoes (D:15)
  3 hungry ghosts
  2 wargs
  Menkaure (D:6)
  2 acid dragons (D:15)
  5 nagas (Lair:4)
  3 hell hounds (Orc:2)
  12 water moccasins
  Edmund (D:4)
  8 porcupines
  Purgy (Sewer)
  5 sky beasts
  6 ice beasts
  3 eyes of draining (D:13)
  29 orc warriors
  The ghost of inc the Sneak, an amateur FeEn (D:4)
  A black bear (Lair:2)
  4 boggarts (D:15)
  3 phantoms
  3 necrophages (D:7)
  20 ogres
  35 wolves
  3 centaurs
  15 crocodiles
  4 big kobolds
  Blork the orc (D:4)
  17 bullfrogs
  2 scorpions
  12 killer bees
  7 wights
  6 howler monkeys
  An electric eel (Lair:1)
  A bullfrog zombie (D:7)
  4 crimson imps
  A human zombie (D:8)
  4 centaur skeletons
  2 quasits
  21 orc priests
  A gnoll shaman (D:9)
  5 hounds
  2 jellies
  3 bullfrog skeletons
  3 human skeletons (D:8)
  An iguana (D:10)
  Natasha (twice) (D:3)
  35 orc wizards
  11 worker ants
  A big kobold zombie (Ossuary)
  A hound skeleton (D:6)
  4 mummies
  A worker ant zombie (D:5)
  13 adders
  6 gnolls
  A howler monkey skeleton (D:8)
  A river rat (D:4)
  2 shadow imps
  An ooze (D:3)
  2 adder zombies
  3 adder skeletons
  5 worms
  3 dart slugs
  6 leopard geckos
  91 orcs
  6 bats
  4 giant cockroaches (D:4)
  5 goblins
  3 hobgoblins
  18 jackals
  5 quokkas
  3 ball pythons
  4 frilled lizards
  2 goblin zombies (Ossuary)
  7 hobgoblin zombies (Ossuary)
  A jackal skeleton (D:6)
  24 kobolds
  A leopard gecko skeleton (D:6)
  2 orc skeletons (D:8)
  6 quokka zombies (Ossuary)
  9 rats
  A rat zombie (Ossuary)
  A fire vortex (Lair:2)
  A plant (Lair:4)
839 creatures vanquished.

Vanquished Creatures (collateral kills)
  Nessos (Lair:4)
  A two-headed ogre (D:10)
  Sonja (D:12)
  A skeletal warrior (D:11)
  A sea snake (Shoals:1)
  An orc sorcerer (Orc:2)
  A black mamba (Lair:4)
  A komodo dragon (D:8)
  2 trolls
  4 blink frogs (Lair:4)
  A spriggan (D:8)
  2 yaks (Lair:4)
  A water elemental (Shoals:1)
  5 orc warriors
  A necrophage (D:7)
  A black bear (D:8)
  3 ogres
  A crocodile (Lair:4)
  A howler monkey (D:8)
  A crimson imp (D:11)
  A bullfrog zombie (D:11)
  2 orc wizards
  2 adders
  6 orcs
  A jackal (D:7)
  A kobold (D:13)
  A fungus (Lair:2)
45 creatures vanquished.

Vanquished Creatures (others)
  An orc (Orc:2)
  11 fungi
  14 plants
  A withered plant (D:7)
27 creatures vanquished.

Grand Total: 911 creatures vanquished

Notes
Turn   | Place    | Note
-------+----------+-------------------------------------------
     0 | D:1      | troglodite the Demonspawn Berserker began the quest for the Orb.
     0 | D:1      | Reached XP level 1. HP: 18/18 MP: 1/1
   169 | D:1      | Reached skill level 2 in Armour
   192 | D:1      | Gained mutation: You are partially covered in thin metallic scales. (AC +2) [demonic ancestry]
   192 | D:1      | Reached XP level 2. HP: 23/24 MP: 2/2
   671 | D:2      | Found a stormy altar of Qazlal.
   782 | D:2      | Gained mutation: You have large cloven feet. [demonic ancestry]
   782 | D:2      | Reached XP level 3. HP: 25/30 MP: 3/3
  1096 | D:2      | Found a blossoming altar of Fedhas.
  1169 | D:2      | Reached ** piety under Trog
  1365 | D:3      | Gained mutation: You are mostly covered in thin metallic scales. (AC +3) [demonic ancestry]
  1365 | D:3      | Reached XP level 4. HP: 34/37 MP: 4/4
  1393 | D:3      | Noticed Natasha
  1402 | D:3      | Killed Natasha
  1796 | D:3      | Found a hazy altar of Hepliaklqana.
  1798 | D:3      | Found a deep blue altar of Sif Muna.
  1887 | D:3      | Noticed Natasha
  1897 | D:3      | Killed Natasha
  1897 | D:3      | Gained mutation: You are completely covered in thin metallic scales. (AC +4, rElec) [demonic ancestry]
  1897 | D:3      | Reached XP level 5. HP: 42/42 MP: 5/5
  2220 | D:4      | Noticed Blork the orc
  2228 | D:4      | Killed Blork the orc
  2228 | D:4      | Reached skill level 3 in Armour
  2259 | D:4      | Noticed inc's ghost (amateur FeEn)
  2301 | D:4      | Killed inc's ghost
  2301 | D:4      | Gained mutation: A weak demonic guardian rushes to your aid. [demonic ancestry]
  2301 | D:4      | Reached XP level 6. HP: 49/49 MP: 6/6
  2415 | D:4      | Noticed Edmund
  2429 | D:4      | Killed Edmund
  2429 | D:4      | Reached skill level 4 in Armour
  2429 | D:4      | Gained mutation: You have hoof-like feet. [demonic ancestry]
  2429 | D:4      | Reached XP level 7. HP: 49/55 MP: 7/7
  2527 | D:4      | Reached *** piety under Trog
  2527 | D:4      | Reached skill level 5 in Long Blades
  2557 | D:4      | Found a glowing drain.
  2573 | Sewer    | Entered a sewer
  2742 | Sewer    | Noticed Purgy
  2752 | Sewer    | Killed Purgy
  2932 | D:4      | Reached skill level 5 in Fighting
  3350 | D:5      | Entered Level 5 of the Dungeon
  3495 | D:5      | Reached skill level 1 in Stealth
  3557 | D:5      | Found a glowing golden altar of the Shining One.
  3613 | D:5      | Found Jabri's Armour Shop.
  3671 | D:5      | Bought a +1 helmet of see invisible for 181 gold pieces
  3744 | D:5      | Noticed a yak
  3747 | D:5      | Noticed a yak
  3747 | D:5      | Noticed a yak
  3749 | D:5      | Noticed a yak
  3754 | D:5      | Killed a yak
  3754 | D:5      | Reached XP level 8. HP: 55/62 MP: 8/8
  3768 | D:5      | Reached skill level 5 in Armour
  4241 | D:5      | Found a staircase to the Ecumenical Temple.
  4828 | D:6      | Noticed Menkaure
  4836 | D:6      | Killed Menkaure
  4929 | D:6      | Reached skill level 1 in Maces & Flails
  4933 | D:6      | Found Gozag's Platinum Reserve.
  4933 | D:6      | Found an opulent altar of Gozag.
  5035 | D:6      | Reached **** piety under Trog
  5035 | D:6      | Reached skill level 6 in Armour
  5424 | D:6      | Reached XP level 9. HP: 69/69 MP: 9/9
  5677 | D:6      | Noticed Pikel
  5703 | D:6      | Killed Pikel
  5703 | D:6      | Reached skill level 1 in Shields
  6406 | D:7      | Noticed kalagan's ghost (novice HaHu)
  6416 | D:7      | Killed kalagan's ghost
  6416 | D:7      | Reached skill level 5 in Dodging
  6441 | D:7      | Found an iron altar of Okawaru.
  6530 | D:7      | Reached XP level 10. HP: 77/77 MP: 10/10
  6533 | D:7      | Reached skill level 5 in Maces & Flails
  6828 | D:7      | Reached skill level 7 in Armour
  6871 | D:7      | Found a shadowy altar of Dithmenos.
  6871 | D:7      | Found a sacrificial altar of Ru.
  7203 | D:8      | Reached ***** piety under Trog
  7461 | D:8      | Found a sand-covered staircase.
  7492 | Ossuary  | Entered an ossuary
  7944 | D:8      | Found a shimmering altar of Xom.
  8176 | D:8      | Found a staircase to the Lair.
  8599 | D:9      | Received a gift from Trog
  8892 | D:9      | Found a basalt altar of Yredelemnul.
  8903 | D:9      | Noticed Erolcha
  8912 | D:9      | Killed Erolcha
  8912 | D:9      | Reached skill level 8 in Armour
  8912 | D:9      | Reached skill level 5 in Shields
  9521 | D:10     | Entered Level 10 of the Dungeon
  9703 | D:10     | Noticed Psyche
  9713 | D:10     | Gained mutation: You are slightly more attuned to the shadows. [demonic ancestry]
  9713 | D:10     | Reached XP level 11. HP: 84/84 MP: 11/11
  9719 | D:10     | Killed Psyche
  9895 | D:10     | Found a staircase to the Orcish Mines.
  9907 | D:10     | Noticed Snorg
  9915 | D:10     | Killed Snorg
  9979 | D:10     | Noticed a two-headed ogre
  9987 | D:10     | Killed a two-headed ogre
 10053 | D:11     | Noticed a cyan ugly thing
 10064 | D:11     | Killed a cyan ugly thing
 10288 | D:11     | Noticed a skeletal warrior
 10294 | D:11     | Killed a skeletal warrior
 10299 | D:11     | Noticed a skeletal warrior
 10323 | D:10     | Killed a skeletal warrior
 10323 | D:10     | Reached skill level 9 in Armour
 10452 | D:11     | Noticed a skeletal warrior
 10460 | D:11     | Killed a skeletal warrior
 10500 | D:11     | Noticed a two-headed ogre
 10874 | D:11     | Killed a two-headed ogre
 11333 | Orc:1    | Entered Level 1 of the Orcish Mines
 11370 | Orc:1    | Gained mutation: You are significantly more attuned to the shadows. [demonic ancestry]
 11370 | Orc:1    | Reached XP level 12. HP: 94/94 MP: 12/12
 11372 | Orc:1    | Reached ****** piety under Trog
 11518 | Orc:1    | Found Taken's Distillery.
 11771 | Orc:1    | Received a gift from Trog
 11875 | Orc:1    | You fall through a shaft!
 11875 | Orc:2    | Entered Level 2 of the Orcish Mines
 11901 | Orc:2    | Found a labyrinth entrance.
 11901 | Orc:2    | Noticed Azrael
 11908 | Lab      | Entered a labyrinth
 12478 | Lab      | Noticed a minotaur
 12484 | Lab      | Killed a minotaur
 12511 | Lab      | Identified Ometsu's Collected Works on Flying Black Secrets
 12512 | Lab      | Found the +4 arc blade {discharge, rElec}
 12533 | Lab      | Got a heavily runed plate armour
 12545 | Lab      | Identified the cursed +1 plate armour of Inference {rElec rC++ Slay+3} (You found it in a labyrinth)
 12585 | Orc:2    | Killed Azrael
 12695 | Orc:2    | Noticed an orc high priest
 12703 | Orc:2    | Killed an orc high priest
 12703 | Orc:2    | Reached skill level 1 in Short Blades
 12928 | Orc:2    | Found a roughly hewn altar of Beogh.
 12940 | Orc:2    | Found Derrae's Magic Scroll Shoppe.
 13107 | Orc:2    | Found a staircase to the Elven Halls.
 13173 | Orc:2    | Found a roughly hewn altar of Beogh.
 13184 | Orc:2    | Received a gift from Trog
 13199 | Orc:2    | Found Gosheon's Book Emporium.
 13321 | Orc:2    | Found a bloodstained altar of Trog.
 13643 | Orc:2    | Found a roughly hewn altar of Beogh.
 13702 | Orc:2    | Found a roughly hewn altar of Beogh.
 13795 | Orc:2    | Noticed Saint Roka
 14275 | Orc:2    | Killed Saint Roka
 14275 | Orc:2    | Reached skill level 10 in Armour
 14275 | Orc:2    | Reached XP level 13. HP: 53/101 MP: 4/13
 14587 | Orc:2    | Found Ciulic's Antique Armour Shop.
 14588 | Orc:2    | Found a roughly hewn altar of Beogh.
 14594 | Orc:2    | Found Dikhlyhie's Antique Weapon Boutique.
 14632 | Orc:2    | Bought an ichor-stained plate armour for 812 gold pieces
 14632 | Orc:2    | Bought a glowing cloak for 217 gold pieces
 14642 | Orc:2    | Identified the +8 plate armour "Saeleire" {Regen+} (You bought it in a shop on level 2 of the Orcish Mines)
 14812 | Orc:1    | Received a gift from Trog
 14989 | Orc:1    | Bought a potion of heal wounds for 70 gold pieces
 14989 | Orc:1    | Bought a potion of heal wounds for 70 gold pieces
 15284 | Lair:1   | Entered Level 1 of the Lair of Beasts
 15864 | Lair:1   | Got a slimy dire flail
 15870 | Lair:1   | Identified the +10 dire flail of Dawn {crush, Int+2} (You found it on level 1 of the Lair of Beasts)
 16979 | Lair:2   | Noticed Erica
 16986 | Lair:2   | Killed Erica
 17469 | Lair:3   | Reached skill level 5 in Stealth
 17525 | Lair:3   | Reached skill level 5 in Short Blades
 17680 | Lair:3   | Received a gift from Trog
 18464 | Lair:3   | Found a staircase to the Shoals.
 19319 | Lair:4   | Found a staircase to the Snake Pit.
 19388 | Lair:4   | Gained mutation: You have hooves in place of feet. [demonic ancestry]
 19388 | Lair:4   | Reached XP level 14. HP: 61/109 MP: 10/14
 19645 | Lair:4   | Reached skill level 11 in Armour
 19725 | Lair:4   | Noticed Nessos
 19736 | Lair:4   | Killed Nessos
 20361 | Lair:5   | Reached skill level 10 in Fighting
 20365 | Lair:5   | Received a gift from Trog
 20368 | Lair:5   | Reached skill level 10 in Shields
 20930 | Lair:5   | Noticed Rupert
 20948 | Lair:5   | Killed Rupert
 21280 | Lair:6   | Entered Level 6 of the Lair of Beasts
 21549 | Lair:6   | Found a staircase to the Slime Pits.
 21549 | Lair:6   | Found a viscous altar of Jiyva.
 22810 | D:12     | Received a gift from Trog
 22939 | D:12     | Noticed Josephine
 22948 | D:12     | Killed Josephine
 23052 | D:12     | Noticed buskinjo's ghost (journeyman DrVM)
 23089 | D:12     | Killed buskinjo's ghost
 23208 | D:12     | Noticed Sonja
 23232 | D:12     | Killed Sonja
 23685 | D:13     | Noticed Frances
 23692 | D:13     | Killed Frances
 23692 | D:13     | Reached XP level 15. HP: 117/117 MP: 15/15
 23757 | D:13     | Identified 2 scrolls of acquirement
 23761 | D:13     | Got a flickering lead ring
 23775 | D:13     | Identified the ring of Wuff {+Blink +Fly rC+ Dex-2} (You acquired it on level 13 of the Dungeon)
 23828 | D:13     | Found a shattered altar of Ashenzari.
 24002 | D:13     | Noticed Kirke
 24014 | D:13     | Killed Kirke
 24450 | D:14     | Received a gift from Trog
 25134 | D:14     | Found a gate to the Vaults.
 25890 | D:15     | Entered Level 15 of the Dungeon
 25987 | D:15     | Reached skill level 10 in Short Blades
 26100 | D:15     | Reached skill level 12 in Armour
 26225 | D:15     | Found a staircase to the Depths.
 26465 | D:15     | Gained mutation: You are completely attuned to the shadows. [demonic ancestry]
 26465 | D:15     | Reached XP level 16. HP: 101/126 MP: 16/16
 26498 | D:15     | Received a gift from Trog
 27256 | Shoals:1 | Entered Level 1 of the Shoals
 27266 | Shoals:1 | Reached skill level 10 in Dodging
 27432 | Shoals:1 | HP: 1/127 [faun/spear (13)]
 27432 | Shoals:1 | Shot with a stone by a faun

Skill      XL: |  1  2  3  4  5  6  7  8  9 10 11 12 13 14 15 16 |
---------------+-------------------------------------------------+-----
Armour         | 2 3 4 6 8 9 10 11 12 | 12.2
Long Blades    | 3 4 5 6 7 |  7.9
Dodging        | 2 3 4 5 6 7 8 9 10 | 10.0
Fighting       | 4 5 6 7 8 9 10 11 | 11.6
Stealth        | 1 2 4 5 6 7 8 |  8.1
Maces & Flails | 2 4 6 |  6.9
Shields        | 3 5 7 9 10 11 | 11.7
Short Blades   | 3 6 8 10 11 | 11.0

Action                   |  1- 3 |  4- 6 |  7- 9 | 10-12 | 13-15 | 16-18 || total
-------------------------+-------+-------+-------+-------+-------+-------++-------
Melee: Falchion          |   112 |    92 |   139 |   275 |       |       ||   618
       Kick              |    12 |    28 |   135 |   421 |   373 |    35 ||  1004
       Flail             |       |       |   208 |       |       |       ||   208
       Whip              |       |       |    67 |   662 |       |       ||   729
       Rapier            |       |       |       |   201 |  1175 |   122 ||  1498
       Morningstar       |       |       |       |    15 |       |       ||    15
       Dire flail        |       |       |       |       |    56 |       ||    56
       Scimitar          |       |       |       |       |    43 |       ||    43
Invok: Berserk           |     1 |     4 |     5 |    21 |    10 |     1 ||    42
       Burn Spellbooks   |       |       |       |     3 |     3 |       ||     6
       Brothers in Arms  |       |       |       |     2 |     3 |     1 ||     6
 Abil: Evoke Blink       |       |       |       |       |     1 |       ||     1
  Use: Scroll            |       |     7 |     4 |    13 |    13 |     3 ||    40
       Potion            |       |       |       |       |     4 |       ||     4
 Stab: Sleeping          |     1 |       |     3 |       |     1 |       ||     5
       Distracted        |       |       |       |     4 |     7 |       ||    11
  Eat: Chunk             |     3 |     3 |    15 |    40 |    35 |     3 ||    99
       Ration            |       |     1 |     1 |     2 |     5 |     1 ||    10
Armor: Animal skin       |     3 |       |       |       |       |       ||     3
       Ring mail         |    32 |    30 |    46 |       |       |       ||   108
       Skin              |       |     4 |       |       |       |       ||     4
       Chain mail        |       |       |   268 |   473 |       |       ||   741
       Plate armour      |       |       |       |    96 |   978 |    59 ||  1133
Dodge: Dodged            |    76 |    47 |   242 |   364 |   618 |    29 ||  1376
Block: Shield            |       |       |    74 |   581 |   462 |    68 ||  1185
       Rpst.: Falchion   |    23 |    17 |    20 |    39 |       |       ||    99
       Scimitar          |       |       |       |       |     3 |       ||     3
